 Dungeon Crawl Stone Soup version 0.22.0-25-g7663229ff0 (webtiles) character file.

23 Chiseanne the Grave Robber (level 2, 0/28 HPs)
             Began as a Barachi Necromancer on Aug 20, 2018.
             Was an Initiate of Vehumet.
             Succumbed to an adder's poison
             ... on level 2 of the Dungeon.
             The game lasted 00:03:28 (1039 turns).

Chiseanne the Grave Robber (Barachi Necromancer)    Turns: 1039, Time: 00:03:29

Health: 0/28       AC:  2    Str: 13 (14) XL:     2   Next: 95%
Magic:  0/5        EV: 12    Int: 12 (15) God:    Vehumet [......]
Gold:   64         SH:  0    Dex: 11 (12) Spells: 4/6 levels left

rFire    . . .     SeeInvis .   a - +0 short sword
rCold    . . .     Gourm    .   (no shield)
rNeg     . . .     Faith    .   d - +0 robe
rPois    .         Spirit   .   (no helmet)
rElec    .         Reflect  .   (no cloak)
rCorr    .         Harm     .   (no gloves)
MR       .....                  (no boots)
Stlth    ..........             (no amulet)
HPRegen  0.09/turn              (no ring)
MPRegen  0.09/turn              (no ring)

@: berserking, lethally poisoned (0 -> -5), very slightly contaminated, quick
A: +LOS, swims, slowness 1, strong legs 1
a: Hop, Renounce Religion


You were on level 2 of the Dungeon.
You worshipped Vehumet.
Vehumet was noncommittal.
You were not hungry.

You visited 1 branch of the dungeon, and saw 2 of its levels.

You collected 64 gold pieces.

Inventory:

Hand Weapons
 a - a +0 short sword (weapon)
 g - a +0 mace
Missiles
 b - 32 stones (quivered)
Armour
 d - a +0 robe (worn)
Jewellery
 f - an uncursed amulet of magic regeneration {unknown}
Scrolls
 h - a scroll of teleportation
 j - a scroll of identify {unknown}
 l - 2 scrolls of random uselessness {unknown}
Potions
 m - a potion of cancellation {unknown}
Comestibles
 c - 2 rations
 i - 2 chunks of flesh


   Skills:
 - Level 2.1 Dodging
 - Level 1.7 Stealth
 * Level 2.9 Spellcasting
 * Level 4.0 Necromancy


You had 4 spell levels left.
You knew the following spells:

 Your Spells              Type           Power        Failure   Level  Hunger
a - Pain                  Necr           ##..         4%          1    #......
b - Animate Skeleton      Necr           N/A          4%          1    #......

Your spell library contained the following spells:

 Spells                   Type           Power        Failure   Level  Hunger
 Vampiric Draining        Necr           ##........   14%         3    ###....
 Regeneration             Chrm/Necr      #.........   32%         3    ###....
 Animate Dead             Necr           N/A          43%         4    #####..


Dungeon Overview and Level Annotations

Branches:
Dungeon (2/15)

Altars:
Vehumet


Innate Abilities, Weirdness & Mutations

Shadows flee at your approach. (+LOS)
You can swim through water.
You cover ground slowly.
You can hop short distances.


Message History

Confirm with . or Enter, or press ? or * to list all spells.
You don't have enough magic to cast that spell.
Unknown command.
You closely miss the adder.
The adder is almost dead.
Your goblin skeleton crumbles into dust!
The adder misses you.
You closely miss the adder.
The adder is almost dead.
You feel sick. The adder bites you.
* * * LOW HITPOINT WARNING * * *
The adder closely misses you.
It was a potion of degeneration.
There was something very wrong with that liquid.
You feel weakened.
You feel dopey.
You feel clumsy. The adder bites you but does no damage.
It was a potion of berserk rage.
A red film seems to cover your vision as you go berserk!
You feel yourself moving faster!
You feel mighty!
You die...

...... ............ ....#
#+# #.......... .# ....# #.#
#........# .##
...###.###........####..##
#..+.._###.........#.....##
#..###.###.#.....>........#.
#..# #.# #.#...(.<..........
#..###'###S.........S.l....#
#........).@................
##.#..#####.................
##.#.## #.................
#....# ##...............%
#....# ##..............#
#.#..##### ##.....#.....#.#
#.#......# ####..####### #
#.#.####.# ##.. ###.#.## #.#
##.


You could see an adder.

Vanquished Creatures
  A worm (D:1)
  A dart slug (D:1)
  A bat (D:2)
  A giant cockroach (D:1)
  3 goblins
  3 hobgoblins (D:1)
  6 kobolds
  A rat (D:1)
17 creatures vanquished.

Notes
Turn   | Place    | Note
-------+----------+-------------------------------------------
     0 | D:1      | Chiseanne the Barachi Necromancer began the quest for the Orb.
     0 | D:1      | Reached XP level 1. HP: 13/13 MP: 3/3
     4 | D:1      | Learned a level 1 spell: Animate Skeleton
   212 | D:1      | Reached XP level 2. HP: 13/19 MP: 3/5
   702 | D:1      | Reached skill level 4 in Necromancy
  1016 | D:2      | Found a radiant altar of Vehumet.
  1021 | D:2      | Became a worshipper of Vehumet
  1039 | D:2      | Succumbed to an adder's poison

Skill      XL: |  1  2 |
---------------+-------+-----
Necromancy     | 4 |  4.0
Dodging        | |  2.1
Stealth        | |  1.7
Spellcasting   | |  2.9

Action                   || total
-------------------------++-------
Melee: Short sword       ||    30
 Cast: Pain              ||    23
       Animate Skeleton  ||     7
  Use: Scroll            ||     2
       Potion            ||     2
 Stab: Distracted        ||     1
       Sleeping          ||     1
  Eat: Chunk             ||     1
Armor: Robe              ||     5
Dodge: Dodged            ||    43
